 Dungeon Crawl Stone Soup version 0.26-a0-579-g3afe4966bf (webtiles) character file.

Game seed: 6905711745846964159

60 Isi the Digger (level 3, -3/16 HPs)
             Began as a Vampire Earth Elementalist on Aug 23, 2020.
             Slain by a worm (11 damage)
             ... on level 2 of the Dungeon.
             The game lasted 00:07:59 (2332 turns).

Isi the Digger (Vampire Earth Elementalist)         Turns: 2332, Time: 00:07:59

Health: -3/16      AC:  2    Str:  7    XL:     3   Next: 80%
Magic:  7/7        EV: 13    Int: 18    God:
Gold:   35         SH:  0    Dex: 14    Spells: 4/7 levels left

rFire    . . .     SeeInvis +   a - +0 dagger
rCold    + + .     Faith    .   (no shield)
rNeg     + + +     Spirit   .   e - +0 robe
rPois    ∞         Reflect  .   (no helmet)
rElec    .         Harm     .   (no cloak)
rCorr    .                      (no gloves)
MR       .....                  (no boots)
Stlth    ++++......             (no amulet)
HPRegen  0.00/turn              (no ring)
MPRegen  0.10/turn              (no ring)

@: bloodless
A: fangs 3, see invisible, [frail 1], unbreathing
a: Bat Form, Revivify


You were on level 2 of the Dungeon.
You visited 1 branch of the dungeon, and saw 2 of its levels.

You collected 35 gold pieces.

Inventory:

Hand Weapons
 a - a +0 dagger (weapon)
Missiles
 b - 28 stones (quivered)
Armour
 c - a +0 robe
 d - a +0 robe
 e - a +0 robe (worn)
 f - a +0 robe
Scrolls
 h - a scroll of teleportation
 i - 2 scrolls of remove curse
 k - a scroll of blinking
Potions
 j - a potion of heal wounds


   Skills:
 + Level 2.7 Dodging
 + Level 3.2 Stealth
 + Level 2.6 Spellcasting
 + Level 1.2 Transmutations
 + Level 3.9 Earth Magic


You had 4 spell levels left.
You knew the following spells:

 Your Spells              Type           Power        Failure   Level
a - Sandblast             Erth           ###...       3%          1
b - Passwall              Tmut/Erth      ##......     9%          2

Your spell library contained the following spells:

 Spells                   Type           Power        Failure   Level
 Stone Arrow              Conj/Erth      #.....       22%         3
 Petrify                  Tmut/Erth      ##......     50%         4
 Lee's Rapid Deconstruct  Erth           ###.......   67%         5


Dungeon Overview and Level Annotations

Branches:
Dungeon (2/15)

Altars:
Wu Jian


Innate Abilities, Weirdness & Mutations

You do not regenerate when monsters are visible.
You are frail without blood (-20% HP).
You can heal yourself when you bite living creatures.
You are immune to poison.
You have razor-sharp teeth.
You have supernaturally acute eyesight. (SInv)
You can survive without breathing.
[You are frail. (-10% HP)]


Message History

A worm comes into view.
Found a scroll of remove curse.
Casting: Sandblast (safe; 3% risk of failure)
Confirm with . or Enter, or press ? or * to list all spells.
Aiming: Sandblast (safe; 3% risk of failure)
Press: ? - help, Shift-Dir - straight line, f - worm
Aim: a worm (asleep)
Okay, then.
The helpless worm fails to defend itself.
You puncture the worm!
The worm is heavily wounded.
You hit the worm.
The worm is severely wounded.
The worm bites you!
Ouch! That really hurt!
You barely miss the worm.
The worm is severely wounded.
The worm bites you!
Ouch! That really hurt!
You die...

#.########........####.##†##.##
#.........####.....##..###..##
#..######†# ########### ####
#..# #.# #### ###'## # #....# #
#....######## #........?..#
....##.......@w+ ###.
##......(.# # ##########


You could see a worm.

Vanquished Creatures
  A gnoll (D:1)
  2 adders (D:2)
  A worm (D:2)
  A dart slug (D:1)
  3 leopard geckos (D:1)
  2 giant cockroaches (D:2)
  2 hobgoblins (D:1)
  5 kobolds
  2 bats
  3 goblins (D:1)
  4 rats
26 creatures vanquished.

Notes
Turn   | Place    | Note
-------+----------+-------------------------------------------
     0 | D:1      | Isi the Vampire Earth Elementalist began the quest for the
                  | Orb.
     0 | D:1      | Reached XP level 1. HP: 13/13 MP: 3/3
   761 | D:1      | Reached XP level 2. HP: 17/17 MP: 1/5
   825 | D:1      | Learned a level 2 spell: Passwall
  1895 | D:1      | Reached XP level 3. HP: 16/16 MP: 2/6
  2212 | D:2      | Found an ornate altar of the Wu Jian Council.
  2332 | D:2      | Slain by a worm

Illustrated notes

Levels and vault maps discovered:
D:1:      lemuel_arrival_hallway, layout_basic, corexii_leaking_fountain,
          bh_walls_and_bars
D:2:      layout_basic, lemuel_crystal_altar, marbit_many_paths

Action                   || total
-------------------------++-------
Melee: Dagger            ||    23
       Bite              ||     1
 Cast: Sandblast         ||    39
       Passwall          ||     2
 Abil: Exsanguinate      ||     2
       Revivify          ||     1
  Use: Scroll            ||     6
       Potion            ||     1
 Stab: Sleeping          ||     3
Armor: Robe              ||     2
Dodge: Dodged            ||    15

Table legend: (Time is in decaauts)
 A = Elapsed time spent in this place.
 B = Non-inter-level travel time spent in this place.
 C = Inter-level travel time spent in this place.
 D = Time resting spent in this place.
 E = Time spent auto-exploring this place.
 F = Levels seen in this place.
 G = Mean time per level.
                   A        B        C        D        E       F      G
               +--------+--------+--------+--------+--------+-----+--------+
         Total |   2331 |   2314 |     17 |   1069 |    924 |   2 | 1165.5 |
       Dungeon |   2331 |   2314 |     17 |   1069 |    924 |   2 | 1165.5 |
               +--------+--------+--------+--------+--------+-----+--------+

Top non-repeatable levels by time:
     D:1: 2071 daAuts
     D:2: 259 daAuts
